Cogmind - Beta 13 @@@ ROGUE MODE // 2024.05.05 @ 23:59:59 // Winter2019/RPGLIKE Player: Kyle Rick Result: Self-destructed Performance ------------- Evolutions (3) 1500 Regions Visited (9) 1800 Robots Destroyed (370) 1850 Value Destroyed (15610) 15610 Prototype IDs (13) 260 Alien Tech Used (0) 0 Bonus (11649) 11649 TOTAL SCORE: 32669 Bonus ------- Triggered High Security 1500 High Alert Combat Kills 8718 Follower Combat Kills 160 Entered Garrisons 200 Used RIF Installer 1000 Aligned with FarCom 300 Friendly Fire -229 Cogmind --------- Core Integrity 734/1000 Matter 300/300 Energy 306/310 System Corruption 8% Temperature Cool (10) Movement Flying (23) Location -7/Factory Parts ------- > --- POWER (1) -------- Heavy Deuterium Engine > --- PROPULSION (6) --- Improved VTOL Module Improved VTOL Module Improved VTOL Module (fused) Improved VTOL Module Improved VTOL Module > --- UTILITY (6) ------ Improved Signal Interpreter Improved Terrain Scanner Transport Network Coupler Advanced Targeting Computer Improved Medium Armor Plating Remote Shield > --- WEAPON (4) ------- Bore Cannon Powered Hammer > --- INVENTORY (3) ---- Core Analyzer Heavy Missile Launcher Field Lobotomy Kit (5) Peak State ------------ > --- POWER ------------ Heavy Deuterium Engine > --- PROPULSION ------- Improved VTOL Module Improved VTOL Module Improved VTOL Module Improved VTOL Module Improved VTOL Module > --- UTILITY ---------- Improved Signal Interpreter Improved Terrain Scanner Transport Network Coupler Advanced Targeting Computer Improved Medium Armor Plating Remote Shield > --- WEAPON ----------- Bore Cannon Heavy Missile Launcher Powered Hammer > --- INVENTORY -------- Core Analyzer Weapon Shielding Field Lobotomy Kit [Rating: 58] Favorites ----------- Power Ion Engine Engine Ion Engine Power Core Nuclear Core Propulsion Improved Flight Unit Flight Unit Improved Flight Unit Utility Improved Terrain Scanner Device Improved Terrain Scanner Processor Transport Network Coupler Protection Improved Medium Armor Plating Weapon Bore Cannon Ballistic Gun Light Assault Rifle Ballistic Cannon Bore Cannon Launcher Heavy Missile Launcher Special Weapon Field Lobotomy Kit Impact Weapon Maul Slashing Weapon Mining Claw Build | -11 -10 -10 -9 -9 -9 -8 -8 -8 -7 ------- Run | Yrd Mat Min Mat Min Exi Min Mat Gar Fac Slots Evolved 13 | 3 . 1 6 . . . . 1 2 Power . | . . . . . . . . . . Propulsion 5 | 1 . . 3 . . . . . 1 Utility 5 | 1 . 1 2 . . . . . 1 Weapon 3 | 1 . . 1 . . . . 1 . Parts Attached 78 | 3 12 2 23 . 10 1 14 . 13 Power 8 | 1 2 . . . . . 3 . 2 Engine 6 | 1 2 . . . . . 1 . 2 Core 2 | . . . . . . . 2 . . Reactor . | . . . . . . . . . . Propulsion 16 | . 2 1 8 . . . 5 . . Treads . | . . . . . . . . . . Leg . | . . . . . . . . . . Wheel . | . . . . . . . . . . Hover . | . . . . . . . . . . Flight 16 | . 2 1 8 . . . 5 . . Utility 17 | . 4 1 4 . 3 1 1 . 3 Device 5 | . 2 1 2 . . . . . . Storage . | . . . . . . . . . . Processor 7 | . . . 2 . 2 1 1 . 1 Hackware . | . . . . . . . . . . Protection 5 | . 2 . . . 1 . . . 2 Artifact . | . . . . . . . . . . Weapon 37 | 2 4 . 11 . 7 . 5 . 8 Energy Gun . | . . . . . . . . . . Energy Cannon . | . . . . . . . . . . Ballistic Gun 5 | 2 1 . 1 . 1 . . . . Ballistic Cannon 7 | . . . 2 . 2 . . . 3 Launcher 15 | . 2 . 5 . 1 . 3 . 4 Special Weapon 2 | . . . . . 2 . . . . Impact Weapon 6 | . . . 2 . 1 . 2 . 1 Slashing Weapon 2 | . 1 . 1 . . . . . . Piercing Weapon . | . . . . . . . . . . Special Melee Weapon . | . . . . . . . . . . Unidentified Prototypes 5 | . . . 1 . 2 . 1 . 1 Parts Lost . | . . . . . . . . . . Power . | . . . . . . . . . . Propulsion . | . . . . . . . . . . Utility . | . . . . . . . . . . Weapon . | . . . . . . . . . . Highest Loss Streak . | . . . . . . . . . . To Critical Strikes . | . . . . . . . . . . Average Slot Usage (%) 87 | . 56 81 88 100 99 100 98 99 86 Engine 7 | . 13 12 8 7 7 7 3 6 5 Flight 28 | . 7 17 34 35 35 35 35 34 30 Device 15 | . 12 24 17 21 16 14 14 13 11 Processor 12 | . . . 7 14 17 20 21 20 18 Ballistic Gun 1 | . 5 . 1 . . . . . . Ballistic Cannon 4 | . . . 6 7 7 7 7 6 5 Launcher 7 | . 13 12 2 7 6 7 6 6 5 Impact Weapon 4 | . . . 6 7 6 7 7 6 5 Slashing Weapon 1 | . 1 12 1 . . . . . . Naked Turns . | . . . . . . . . . . Heaviest Build 43 | 7 12 12 28 28 33 30 33 33 43 Greatest Support 40 | 8 14 18 35 35 35 35 40 40 40 Greatest Overweight (x) 2 | . 1 . . . 2 . 1 . 1 Average Overweight (x) . | . . . . . . . . . . Largest Inventory Capacity 3 | 1 3 3 3 3 3 3 3 3 3 Average Capacity 2 | . 1 3 3 3 3 3 3 3 3 Most Carried 3 | . 2 2 3 2 3 3 3 3 3 Average Carried 1 | . . . 2 1 2 3 2 2 2 Final Capacity 3 | 1 3 3 3 3 3 3 3 3 3 Final Carried 3 | . . 1 1 2 3 3 2 3 3 Class Distribution -------------------- 40% | Hacker-Scout 32% | Scavenger-Scout 15% | Mutant 11% | Scout Dominant Class ---------------- Mutant | -10/Materials Scout | -10/Mines Scavenger-Scout | -9/Materials Scavenger-Scout | -9/Mines Scavenger-Scout | -9/Exiles Scavenger-Scout | -8/Mines Hacker-Scout | -8/Materials Hacker-Scout | -8/Garrison Hacker-Scout | -7/Factory Resources | -11 -10 -10 -9 -9 -9 -8 -8 -8 -7 ----------- Run | Yrd Mat Min Mat Min Exi Min Mat Gar Fac Matter Collected 8342 | 230 870 260 1606 312 834 206 1976 798 1250 Remotely . | . . . . . . . . . . Salvage Created 9562 | . 582 295 1748 398 1204 291 2300 1285 1459 Parts 602 | . 42 17 158 31 72 19 135 49 79 Haulers Intercepted 18 | . 2 . 6 . . . 4 . 6 Recyclers Shooed 1 | . . . . . . . 1 . . Parts Field Recycled . | . . . . . . . . . . Retrieved Matter . | . . . . . . . . . . Parts Self-Destructed . | . . . . . . . . . . Prevented . | . . . . . . . . . . Kills | -11 -10 -10 -9 -9 -9 -8 -8 -8 -7 ------- Run | Yrd Mat Min Mat Min Exi Min Mat Gar Fac Combat Hostiles Destroyed 335 | . 22 18 71 12 46 10 75 33 48 Melee 9 | . . 3 . 3 1 . . . 2 Guns 1 | . 1 . . . . . . . . Cannons 140 | . . . 31 6 10 6 51 25 11 AOE 182 | . 21 15 40 2 34 4 24 8 34 Classes Destroyed 21 | . 7 3 5 . 3 . 2 . 1 Worker 14 | . 1 . 1 3 . . 4 . 5 Builder 5 | . 1 2 1 1 . . . . . Tunneler 9 | . 1 2 1 2 . 2 . . 1 Hauler 18 | . 2 . 6 . . . 4 . 6 Recycler 3 | . . 2 . . . . 1 . . Carrier 1 | . . . . . . . 1 . . Mechanic 4 | . . . 2 . . . 1 . 1 Operator 1 | . . . . . . . . . 1 Turret 1 | . . . . . 1 . . . . Watcher 16 | . 3 . 5 . . . 2 1 5 Swarmer 44 | . 6 . 3 4 1 4 7 11 8 Cutter 1 | . . . . . . . 1 . . Grunt 171 | . 16 3 44 8 19 4 39 14 24 Brawler 21 | . . . 7 . 4 1 5 1 3 Duelist 16 | . . . 2 . 4 . 5 . 5 Protector 14 | . . . 5 . . . 5 . 4 Sentry 26 | . . . 11 . . . 10 3 2 Hunter 20 | . . . . . 12 1 3 4 . Programmer 6 | . . . . . 4 . . . 2 Zionite 2 | . . 1 . . 1 . . . . Assembled 16 | . . 15 . . 1 . . . . Best Kill Streak 34 | . 7 5 23 8 19 6 34 7 10 Combat Bots Only 32 | . 7 3 21 5 19 4 32 7 10 Max Kills in Single Turn 10 | . 4 2 6 2 6 5 4 4 10 Gunslinging . | . . . . . . . . . . Exploded 10 | . 3 2 6 2 6 4 3 4 10 Melee 1 | . . 1 . 1 1 . . . 1 Uniques/NPCs Destroyed 1 | . . . . . 1 . . . . 8R-AWN (-9/Exiles) Combat | -11 -10 -10 -9 -9 -9 -8 -8 -8 -7 -------- Run | Yrd Mat Min Mat Min Exi Min Mat Gar Fac Hostile Shots Fired 745 | . 48 27 164 31 72 18 173 82 130 Missed 323 | . 13 14 77 16 29 7 76 28 63 Damage Taken 5861 | . 525 359 1170 130 617 132 1466 532 930 Core 4650 | . 425 288 975 102 496 103 1152 428 681 Absorbed by Shields 1014 | . . . . 37 116 40 397 152 272 Redirected to Core 3809 | . 319 246 669 77 414 94 1083 336 571 Ignored by Resistances 408 | . . 8 76 15 48 12 123 57 69 Regen/Repaired (Parts) 92 | . 63 . . . . . 29 . . Core Remaining (%) 83 | 100 . 52 . . . 97 . 84 . Volleys Fired 942 | . 79 24 189 44 94 28 246 110 128 Largest 2 | . 1 1 2 1 1 1 1 1 2 Hottest 96 | . 30 30 57 57 57 57 57 57 96 Shots Fired 944 | . 79 24 191 44 94 28 246 110 128 Gun 17 | . 4 . 13 . . . . . . Cannon 739 | . . . 153 43 75 28 229 106 105 Launcher 188 | . 75 24 25 1 19 . 17 4 23 Special . | . . . . . . . . . . Kinetic 756 | . 4 . 166 43 75 28 229 106 105 Thermal . | . . . . . . . . . . Explosive 188 | . 75 24 25 1 19 . 17 4 23 Electromagnetic . | . . . . . . . . . . Robot Hit Streak 43 | . 14 17 12 4 9 10 29 43 19 Robot Miss Streak 4 | . 2 2 3 4 3 3 4 3 4 Penetration Max 3 | . . . 1 1 2 1 3 1 1 Secondary Targets . | . . . . . . . . . . Shots Hit Robots 626 | . 31 34 115 31 62 15 157 101 80 Core Hits 640 | . 45 35 131 16 95 12 141 45 120 Critical Kills 112 | . . . 20 6 7 4 44 20 11 Critical Parts Destroyed 165 | . . . 21 12 15 3 52 31 31 Critical Strikes 297 | . . . 44 18 31 10 98 51 45 Destroy 278 | . . . 43 13 28 10 97 47 40 Smash 19 | . . . 1 5 3 . 1 4 5 Melee Attacks 246 | . 2 24 36 28 14 2 32 40 68 Impact 218 | . . . 34 28 14 2 32 40 68 Slashing 28 | . 2 24 2 . . . . . . Piercing . | . . . . . . . . . . Sneak Attacks 18 | . . 7 1 2 1 . 1 1 5 Combat Hostiles 1 | . . 1 . . . . . . . Follow-up Attacks . | . . . . . . . . . . Damage Inflicted 37514 | . 2037 1664 6891 1147 5132 851 7563 4037 8192 Guns 169 | . 30 . 139 . . . . . . Cannons 11725 | . . . 2190 528 1384 497 3788 2073 1265 Explosions 21445 | . 2004 1028 4438 183 3229 354 3611 687 5911 Melee 4172 | . . 636 124 436 519 . 164 1277 1016 Ramming 3 | . 3 . . . . . . . . Kinetic 11894 | . 30 . 2329 528 1384 497 3788 2073 1265 Thermal 1145 | . . 73 . . . 354 185 . 533 Explosive 19689 | . 2004 955 4438 183 3229 . 3426 687 4767 Electromagnetic 611 | . . . . . . . . . 611 Impact 3536 | . . . 124 436 519 . 164 1277 1016 Slashing 636 | . . 636 . . . . . . . Piercing . | . . . . . . . . . . Highest Corruption 8 | . . . . . . . . . 8 Average Corruption 3 | . . . . . . . . . 3 Corruption Purged . | . . . . . . . . . . Corruption Blocked . | . . . . . . . . . . Effects 22 | . . . . . . . . . 22 Message Errors 7 | . . . . . . . . . 7 Matter Fused 8 | . . . . . . . . . 8 Heat Flow Errors 1 | . . . . . . . . . 1 Energy Discharges 3 | . . . . . . . . . 3 Parts Fused 1 | . . . . . . . . . 1 Data Loss (minor) 1 | . . . . . . . . . 1 Weapon Failures 1 | . . . . . . . . . 1 Overload Shots . | . . . . . . . . . . Overflow Damage 2352 | . 30 73 167 166 377 29 144 623 743 Projectiles 115 | . . . 49 1 11 . 29 21 4 Explosions 387 | . 30 20 51 . 8 29 56 67 126 Melee 1850 | . . 53 67 165 358 . 59 535 613 Knockbacks 54 | . . . 7 4 6 1 16 10 10 Impact 5 | . . . . . . . . . 5 Kinetic 48 | . . . 7 4 5 1 16 10 5 Secondary 1 | . . . . . 1 . . . . Self-Inflicted Damage 668 | . 110 165 63 . . . 217 . 113 Shots 22 | . 5 6 2 . . . 5 . 4 Rammed 1 | . 1 . . . . . . . . Targets Rammed 1 | . 1 . . . . . . . . Kicked . | . . . . . . . . . . Crushed . | . . . . . . . . . . Highest Temperature 235 | . 11 5 10 4 . 4 9 . 235 Average Temperature 30 | . 5 2 10 4 . 4 4 . 76 Received Heat Transfer 1953 | . 189 24 558 70 14 76 492 173 357 Siege Activations . | . . . . . . . . . . Robots Corrupted . | . . . . . . . . . . Combat Hostiles . | . . . . . . . . . . Parts Fried 21 | . . . 2 . 5 . 1 5 8 Impact Corruptions 46 | . . . 2 5 8 . 3 11 17 Robots Melted . | . . . . . . . . . . Combat Hostiles . | . . . . . . . . . . Parts Melted . | . . . . . . . . . . Heat Transferred 1150 | . . 100 . . . 450 200 . 400 Parts Sabotaged . | . . . . . . . . . . Parts Stolen . | . . . . . . . . . . Parts Stripped . | . . . . . . . . . . Power Chain Reactions 2 | . . . . . . . . . 2 Alert | -11 -10 -10 -9 -9 -9 -8 -8 -8 -7 ------- Run | Yrd Mat Min Mat Min Exi Min Mat Gar Fac Peak Influence 5384 | . 1122 841 3281 1740 . 443 3240 3402 5384 Initial 2106 | . . 437 289 1279 . . 172 2106 1785 Average 1622 | . 509 670 1599 1489 . 271 1487 2755 3419 Maximum Alert Level 5 | . 4 3 5 5 . 2 5 5 5 Low Security (%) 10 | 100 40 . . . . 40 2 . . Level 1 6 | . 3 . 8 . . 18 17 . . Level 2 11 | . 12 43 10 . . 40 9 . . Level 3 16 | . 32 56 19 . . . 9 . . Level 4 11 | . 10 . 17 61 . . 14 . . Level 5 32 | . . . 8 38 . . 15 100 98 High Security 11 | . . . 35 . . . 30 . 1 Max Security . | . . . . . . . . . . Sterilizations 2 | . . . 1 . . . 1 . . Squads Dispatched 52 | . 6 . 14 . . . 16 . 16 Investigation 21 | . 6 . 2 . . . 5 . 8 Extermination 1 | . . . . . . . . . 1 Reinforcement 6 | . . . 3 . . . 1 . 2 Assault 24 | . . . 9 . . . 10 . 5 Garrison . | . . . . . . . . . . Intercept . | . . . . . . . . . . Searches Triggered . | . . . . . . . . . . Construction Impeded 1 | . . . 1 . . . . . . Haulers Reinforced 1 | . . . . . . . . . 1 Active Scanning Responses . | . . . . . . . . . . Cargo Convoy Interrupts . | . . . . . . . . . . Stealth | -11 -10 -10 -9 -9 -9 -8 -8 -8 -7 --------- Run | Yrd Mat Min Mat Min Exi Min Mat Gar Fac Distress Signals 11 | . . . 4 . . . 6 . 1 Communications Jammed . | . . . . . . . . . . Distress Signals . | . . . . . . . . . . Times Spotted 480 | . 26 26 98 13 79 7 125 35 71 Peak Tracking Total 19 | . 7 4 14 4 19 3 12 6 14 Tactical Retreats 34 | . 2 3 . 3 5 . 15 1 5 Traps | -11 -10 -10 -9 -9 -9 -8 -8 -8 -7 ------- Run | Yrd Mat Min Mat Min Exi Min Mat Gar Fac Traps Triggered 15 | . 3 . 2 . . . . 6 4 Indirectly 1 | . . . . . . . . . 1 Trap Hack Attempts . | . . . . . . . . . . Triggered . | . . . . . . . . . . Disarmed 6 | . . . . . . . 6 . . Reprogrammed . | . . . . . . . . . . Reused . | . . . . . . . . . . Traps Extracted . | . . . . . . . . . . Installed . | . . . . . . . . . . Triggered . | . . . . . . . . . . Machines | -11 -10 -10 -9 -9 -9 -8 -8 -8 -7 ---------- Run | Yrd Mat Min Mat Min Exi Min Mat Gar Fac Machines Disabled 277 | . 27 10 51 10 9 10 31 8 121 Max in Single Turn 10 | . 2 2 2 1 1 8 2 1 10 Garrison Access 2 | . . . . . . . . . 2 Garrison Relay 5 | . . . . . . . . 5 . Machines Repaired . | . . . . . . . . . . Machines Dismantled . | . . . . . . . . . . Machines Sabotaged . | . . . . . . . . . . Overloaded Fab Kills . | . . . . . . . . . . Hacking | -11 -10 -10 -9 -9 -9 -8 -8 -8 -7 --------- Run | Yrd Mat Min Mat Min Exi Min Mat Gar Fac Machines Accessed 42 | . 10 1 8 . . . 9 1 13 Terminals 26 | . 7 1 5 . . . 5 1 7 Fabricators 1 | . . . . . . . . . 1 Repair Stations 3 | . 1 . . . . . 1 . 1 Recycling Units 8 | . 2 . 2 . . . 2 . 2 Scanalyzers 1 | . . . 1 . . . . . . Garrison Access 3 | . . . . . . . 1 . 2 Total Hacks 153 | . 43 6 31 . . . 36 3 34 Successful 76 | . 20 4 15 . . . 20 1 16 Failed 76 | . 23 2 16 . . . 15 2 18 Catastrophic 14 | . 2 1 1 . . . 2 1 7 Database Lockouts 1 | . . . . . . . 1 . . Manual 69 | . 19 . 20 . 1 . 16 2 11 Terminals 113 | . 32 6 22 . . . 28 3 22 Fabricators 2 | . . . . . . . . . 2 Repair Stations 15 | . 9 . . . . . 4 . 2 Recycling Units 14 | . 2 . 5 . . . 3 . 4 Scanalyzers 4 | . . . 4 . . . . . . Garrison Access 5 | . . . . . . . 1 . 4 Terminal Hacks 51 | . 12 4 10 . . . 15 1 9 Record 6 | . 3 1 2 . . . . . . Part Schematic 3 | . . . . . . . . . 3 Robot Schematic 1 | . . . . . . . . . 1 Robot Analysis 14 | . 4 . 5 . . . 5 . . Prototype ID Bank 4 | . 2 . . . . . 1 . 1 Branch Access Points 2 | . . . 1 . . . 1 . . Emergency Access Points 2 | . . . . . . . 1 1 . Terminal Index 1 | . . . . . . . . . 1 Fabricator Index 1 | . . . . . . . . . 1 Repair Station Index 1 | . . . . . . . 1 . . Locate Traps 4 | . 1 . 1 . . . 1 . 1 Disarm Traps 1 | . . . . . . . 1 . . Dispatch Records 1 | . . 1 . . . . . . . Patrol Status 1 | . . 1 . . . . . . . Hauler Manifests 3 | . 1 . 1 . . . 1 . . Registered Components 1 | . . . . . . . 1 . . Zone Layout 5 | . 1 1 . . . . 2 . 1 Fabricator Hacks 2 | . . . . . . . . . 2 Load Schematic 1 | . . . . . . . . . 1 Build 1 | . . . . . . . . . 1 Repair Station Hacks 8 | . 6 . . . . . 2 . . Scan Component 4 | . 3 . . . . . 1 . . Repair 4 | . 3 . . . . . 1 . . Recycling Unit Hacks . | . . . . . . . . . . Scanalyzer 4 | . . . 4 . . . . . . Insert Component 1 | . . . 1 . . . . . . Analyze 3 | . . . 3 . . . . . . Garrison Access Hacks 5 | . . . . . . . 1 . 4 Unlock Access 3 | . . . . . . . 1 . 2 Seal Access 2 | . . . . . . . . . 2 Unauthorized Hacks 6 | . 2 . 1 . . . 2 . 1 Terminals . | . . . . . . . . . . Fabricators . | . . . . . . . . . . Repair Stations . | . . . . . . . . . . Recycling Units 6 | . 2 . 1 . . . 2 . 1 Tunnel 6 | . 2 . 1 . . . 2 . 1 Scanalyzers . | . . . . . . . . . . Garrison Access . | . . . . . . . . . . Data Cores Recovered 1 | . . . . . . . . . 1 Used 1 | . . . . . . . . . 1 Hacking Detections 32 | . 8 1 5 . . . 6 1 11 Full Trace Events 25 | . 8 1 5 . . . 4 1 6 Feedback Events 3 | . . . . . . . . . 3 Corruption 3 | . . . . . . . . . 3 Feedback Blocked . | . . . . . . . . . . Robot Schematics Acquired 1 | . . . . . . . . . 1 Robots Built . | . . . . . . . . . . Authchips . | . . . . . . . . . . Time . | . . . . . . . . . . Total Robot Build Rating . | . . . . . . . . . . Part Schematics Acquired 4 | . . . 1 . . . . . 3 Parts Built 1 | . . . . . . . . . 1 Authchips . | . . . . . . . . . . Time 116 | . . . . . . . . . 116 Total Part Build Rating 3 | . . . . . . . . . 3 Parts Repaired 4 | . 3 . . . . . 1 . . Time 97 | . 78 . . . . . 19 . . Parts Recycled . | . . . . . . . . . . Recycled Matter . | . . . . . . . . . . Retrieved Matter . | . . . . . . . . . . Retrieved Components . | . . . . . . . . . . Parts Scanalyzed 1 | . . . 1 . . . . . . Part Schematics Acquired 1 | . . . 1 . . . . . . Parts Damaged . | . . . . . . . . . . Bothacking | -11 -10 -10 -9 -9 -9 -8 -8 -8 -7 ------------ Run | Yrd Mat Min Mat Min Exi Min Mat Gar Fac Used RIF Installer 2 | . . . . . . . . 2 . Watcher Feeds 1 | . . . . . . . . 1 . Robots Hacked . | . . . . . . . . . . Non-combat . | . . . . . . . . . . Combat . | . . . . . . . . . . Robot Hacks Applied . | . . . . . . . . . . Relay Couplers Released 9 | . . . . . . . . 7 2 Machine Destruction 9 | . . . . . . . . 7 2 Fabnet Peak Effective % . | . . . . . . . . . . Robots Rewired . | . . . . . . . . . . Allies Hacked . | . . . . . . . . . . Hacks Repelled . | . . . . . . . . . . Allies | -11 -10 -10 -9 -9 -9 -8 -8 -8 -7 -------- Run | Yrd Mat Min Mat Min Exi Min Mat Gar Fac Total Allies 7 | . . 5 . . . . . 2 . Largest Group 3 | . . 3 3 . . . . 1 . Highest-Rated Group 45 | . . 45 40 . . . . 31 . Highest-Rated Ally 31 | . . 31 16 . . . . 31 . Total Orders . | . . . . . . . . . . Ally Attacks 53 | . . 13 26 . . . . 14 . Total Damage 734 | . . 232 257 . . . . 245 . Kills 9 | . . 1 5 . . . . 3 . Allies Corrupted . | . . . . . . . . . . Allies Melted . | . . . . . . . . . . Intel | -11 -10 -10 -9 -9 -9 -8 -8 -8 -7 ------- Run | Yrd Mat Min Mat Min Exi Min Mat Gar Fac Robot Analysis Total 14 | . 4 . 5 . . . 5 . . Derelict Logs Recovered 3 | . . 1 . 2 . . . . . Drone Launches . | . . . . . . . . . . Drone Recoveries . | . . . . . . . . . . Exploration | -11 -10 -10 -9 -9 -9 -8 -8 -8 -7 ------------- Run | Yrd Mat Min Mat Min Exi Min Mat Gar Fac Turns Passed 8083 | 23 1445 597 1145 471 894 237 1407 805 1059 Spaces Moved 10830 | 36 1591 776 1457 652 1173 507 1788 1031 1819 Core 568 | 36 500 . . . 31 . 1 . . Treads . | . . . . . . . . . . Legs . | . . . . . . . . . . Wheels . | . . . . . . . . . . Hover . | . . . . . . . . . . Flight 10262 | . 1091 776 1457 652 1142 507 1787 1031 1819 Fastest Speed 23 | 50 40 37 28 28 28 28 23 23 23 Average Speed 32 | 50 59 38 30 28 31 28 26 23 23 Slowest Speed 150 | 50 120 40 37 28 150 28 100 23 93 Overloaded Moves . | . . . . . . . . . . Propulsion Burnouts . | . . . . . . . . . . Robots Hopped 9 | . 1 3 2 . 1 . 2 . . Cave-ins Triggered . | . . . . . . . . . . Exploration Rate (%) 75 | 3 97 87 82 91 86 92 75 91 50 Regions Visited 9 Branch Regions 4 Pre-discovered Areas 9 | . 2 1 1 2 . . 2 . 1 Known Exits Taken 5 | . . . 1 1 1 1 1 . . Unknown Exits Taken 3 | 1 1 1 . . . . . . . Scrap Searched 3 | . . 1 . 1 . 1 . . . Spaces Dug 67 | . 10 2 25 4 1 . 12 2 11 Terrain Destroyed 2524 | . 371 151 490 31 159 38 590 45 649 Melee 35 | . . 2 4 4 1 . 11 2 11 Projectile 219 | . . . 67 15 25 11 73 3 25 AOE 2269 | . 371 149 419 12 133 27 505 40 613 Terrain Rammed . | . . . . . . . . . . Walls Destroyed . | . . . . . . . . . . Machines Disabled . | . . . . . . . . . . Actions | -11 -10 -10 -9 -9 -9 -8 -8 -8 -7 --------- Run | Yrd Mat Min Mat Min Exi Min Mat Gar Fac Total 13971 | 38 2014 998 1894 840 1578 569 2417 1418 2205 Wait 1429 | . 308 157 80 105 243 26 266 117 127 Move 10803 | 35 1588 769 1452 651 1170 506 1783 1030 1819 Hop 9 | . 1 3 2 . 1 . 2 . . Pick Up 34 | . 3 4 10 2 5 . 3 4 3 Fast Attach 43 | 3 9 2 9 . 7 1 9 . 3 Attach 6 | . 1 . 2 . . . . . 3 Detach 15 | . 3 . 3 . 3 . 2 . 4 Swap 29 | . 2 . 12 . 3 . 5 . 7 Drop 64 | . 9 3 17 1 9 1 15 3 6 Fire 942 | . 79 24 189 44 94 28 246 110 128 Melee 246 | . 2 24 36 28 14 2 32 40 68 Ram 1 | . 1 . . . . . . . . Kick . | . . . . . . . . . . Crush . | . . . . . . . . . . Escape Stasis 78 | . . . . . . . . 78 . Rewire . | . . . . . . . . . . Trap . | . . . . . . . . . . Miscellaneous 272 | . 8 12 82 9 29 5 54 36 37 Route ------- -11/Scrapyard -10/Materials (discovered 5 exits: *Mat x3 / *Min / [Sub]) -10/Mines (discovered 3 exits: *Mat x2 / [Sub]) -9/Materials (discovered 5 exits: *Mat x2 / *Min / *Sto x2) -9/Mines (discovered 3 exits: *Mat x2 / *Exi) -9/Exiles (discovered 2 exits: *Min x2) -8/Mines (discovered 2 exits: *Mat x2) -8/Materials (discovered 4 exits: *Fac x3 / Gar) -8/Garrison (discovered 3 exits: *Fac x3) -7/Factory (discovered 3 exits: [*Fac x2] / *Low) History --------- Turn | Location | Event 2 | -11/Scrapyard | Discovered new exit (range 16) 8 | -11/Scrapyard | Upgraded with Propulsion slot (x1) 8 | -11/Scrapyard | Upgraded with Utility slot (x1) 8 | -11/Scrapyard | Upgraded with Weapon slot (x1) 24 | -11/Scrapyard | Entered Materials 307 | -10/Materials | Build established: Mutant 378 | -10/Materials | Discovered new exit (range 12) 471 | -10/Materials | Discovered new exit (range 16) 643 | -10/Materials | Reached level 2 685 | -10/Materials | Destroyed 7 combat bots 773 | -10/Materials | Discovered new exit (range 15) 803 | -10/Materials | Reached level 3 1084 | -10/Materials | Repaired Grenade Launcher 1111 | -10/Materials | Repaired Flight Unit 1178 | -10/Materials | Reached level 4 1218 | -10/Materials | Discovered new exit (range 16) 1323 | -10/Materials | Repaired Ion Engine 1345 | -10/Materials | Discovered new exit (range 14) 1469 | -10/Materials | Entered Mines 1512 | -10/Mines | Discovered new exit (range 12) 1530 | -10/Mines | Build established: Scout 1540 | -10/Mines | Discovered new exit (range 13) 1575 | -10/Mines | Reached level 5 1580 | -10/Mines | Upgraded with Utility slot (x1) 1593 | -10/Mines | Core integrity fell below 50% 1633 | -10/Mines | Assembled infested the area 1638 | -10/Mines | Assisted by a Guerilla fighting off Assembled 1893 | -10/Mines | Discovered new exit (range 11) 1929 | -10/Mines | Assisted by bots powering up and referring to "LRC-V3" 2066 | -10/Mines | Entered Materials 2066 | -9/Materials | Accompanied by 3 allies 2068 | -9/Materials | Reached level 6 2069 | -9/Materials | Upgraded with Propulsion slot (x1) 2180 | -9/Materials | Reached level 7 2186 | -9/Materials | Upgraded with Propulsion slot (x1) 2338 | -9/Materials | Reached level 8 2340 | -9/Materials | Upgraded with Utility slot (x1) 2366 | -9/Materials | Discovered new exit (range 4) 2420 | -9/Materials | Build established: Scavenger-Scout 2541 | -9/Materials | Reached level 9 2543 | -9/Materials | Upgraded with Propulsion slot (x1) 2642 | -9/Materials | Identified exit to Mines 2642 | -9/Materials | Identified exit to Storage 2673 | -9/Materials | Discovered new exit (range 18) 2805 | -9/Materials | Reached level 10 2805 | -9/Materials | High security lockdown imminent 2807 | -9/Materials | Upgraded with Weapon slot (x1) 2885 | -9/Materials | High security lockdown engaged 2985 | -9/Materials | Core integrity fell below 50% 3013 | -9/Materials | Sterilization system engaged 3013 | -9/Materials | Non-combat units ordered to evacuate 3015 | -9/Materials | Reached level 11 3026 | -9/Materials | Upgraded with Utility slot (x1) 3036 | -9/Materials | Destroyed 21 combat bots 3106 | -9/Materials | Destroyed 19 combat bots 3113 | -9/Materials | Combat units ordered to evacuate 3211 | -9/Materials | Entered Mines 3231 | -9/Mines | Discovered new exit (range 12) 3278 | -9/Mines | Deemed a non-threat by the Exiles lab entrance 3279 | -9/Mines | Identified exit to Exiles 3412 | -9/Mines | Discovered new exit (range 12) 3476 | -9/Mines | Discovered new exit (range 14) 3556 | -9/Mines | A weapon hastily lodged in a ceiling crevice suddenly fell to the ground 3566 | -9/Mines | Identified exit to Materials 3682 | -9/Mines | Entered Exiles 3689 | -9/Exiles | Discovered new exit (range 16) 3692 | -9/Exiles | Met 8R-AWN 3697 | -9/Exiles | Met EX-HEX 3706 | -9/Exiles | Met EX-BIN 3710 | -9/Exiles | Aligned with FarCom system 3710 | -9/Exiles | Given EX-Vault access code 3719 | -9/Exiles | Opened EX-Vault 3721 | -9/Exiles | Found Prototype Special Weapon 3721 | -9/Exiles | Identified Field Lobotomy Kit 3726 | -9/Exiles | Found Prototype Ballistic Gun 3726 | -9/Exiles | Identified AWS/Gauss 3812 | -9/Exiles | Warned to stay clear of 0b10 Research branches 3813 | -9/Exiles | Exiles lab attacked by MAIN.C 3949 | -9/Exiles | Attacked by the Exiles 3976 | -9/Exiles | Reached level 12 3977 | -9/Exiles | Lost 5 allies 4009 | -9/Exiles | Destroyed 19 combat bots 4089 | -9/Exiles | Destroyed 10 combat bots 4247 | -9/Exiles | Destroyed 8 combat bots 4262 | -9/Exiles | Destroyed 8R-AWN 4574 | -9/Exiles | Discovered new exit (range 11) 4576 | -9/Exiles | Identified exit to Mines 4576 | -9/Exiles | Left Exiles lab with Field Lobotomy Kit 4576 | -9/Exiles | Entered Mines 4673 | -8/Mines | Discovered exit to Materials (range 14) 4716 | -8/Mines | Reached level 13 4775 | -8/Mines | Discovered exit to Materials (range 5) 4813 | -8/Mines | Entered Materials 5063 | -8/Materials | Identified exit to Garrison 5125 | -8/Materials | Build established: Hacker-Scout 5213 | -8/Materials | First assault squad dispatched 5285 | -8/Materials | Reached level 14 5301 | -8/Materials | Discovered new exit (range 13) 5317 | -8/Materials | Identified exit to Factory 5489 | -8/Materials | Repaired Missile Launcher 5533 | -8/Materials | Discovered exit to Factory (range 18) 5553 | -8/Materials | Central database locked down 5728 | -8/Materials | Discovered exit to Factory (range 8) 5785 | -8/Materials | High security lockdown imminent 5865 | -8/Materials | High security lockdown engaged 5949 | -8/Materials | Core integrity fell below 50% 5960 | -8/Materials | Destroyed 11 combat bots 5982 | -8/Materials | Reached level 15 6008 | -8/Materials | Sterilization system engaged 6008 | -8/Materials | Non-combat units ordered to evacuate 6108 | -8/Materials | Combat units ordered to evacuate 6110 | -8/Materials | Destroyed 32 combat bots 6220 | -8/Materials | Entered Garrison 6250 | -8/Garrison | Triggered checkpoint 6282 | -8/Garrison | Garrison Relay disabled 6309 | -8/Garrison | Triggered checkpoint 6309 | -8/Garrison | Triggered checkpoint 6344 | -8/Garrison | Destroyed 7 combat bots 6386 | -8/Garrison | Triggered checkpoint 6512 | -8/Garrison | Triggered checkpoint 6556 | -8/Garrison | Triggered checkpoint 6630 | -8/Garrison | Triggered checkpoint 6702 | -8/Garrison | Garrison Relay disabled 6708 | -8/Garrison | Rescued a captive Derelict 6710 | -8/Garrison | Rescued a captive Derelict 6731 | -8/Garrison | Discovered exit to Factory (range 3) 6741 | -8/Garrison | Installed Relay Interface Framework 6850 | -8/Garrison | Triggered checkpoint 6905 | -8/Garrison | Garrison Relay disabled 6911 | -8/Garrison | Discovered exit to Factory (range 17) 6946 | -8/Garrison | Triggered checkpoint 6969 | -8/Garrison | Garrison Relay disabled 6975 | -8/Garrison | Garrison Relay disabled 6975 | -8/Garrison | Reached level 16 6980 | -8/Garrison | Upgraded with Weapon slot (x1) 6981 | -8/Garrison | Expanded RIF knowledge: Watcher Feeds 6990 | -8/Garrison | Triggered checkpoint 7021 | -8/Garrison | Discovered exit to Factory (range 13) 7025 | -8/Garrison | Entered Factory 7348 | -7/Factory | Reached level 17 7350 | -7/Factory | Upgraded with Utility slot (x1) 7422 | -7/Factory | Identified exit to Garrison 7425 | -7/Factory | First assault squad dispatched 7473 | -7/Factory | Discovered new exit (range 16) 7644 | -7/Factory | Reached level 18 7644 | -7/Factory | Upgraded with Propulsion slot (x1) 7686 | -7/Factory | Discovered new exit (range 7) 7793 | -7/Factory | Destroyed 8 combat bots 7931 | -7/Factory | Discovered new exit (range 18) 8022 | -7/Factory | Destroyed 9 combat bots 8029 | -7/Factory | Identified exit to Garrison 8047 | -7/Factory | Fabricated Enh. Autogun? 8063 | -7/Factory | High security lockdown imminent 8079 | -7/Factory | Identified exit to Lower Caves 8084 | -7/Factory | Destroyed 10 combat bots 8084 | -7/Factory | Self-destructed Last Messages --------------- 08063_ I-36 Angel destroyed. 08063_ G-50 Soldier destroyed. 08063_ G-47 Trooper destroyed. 08063_ Terminal disabled. 08063_ S-27 Virus destroyed. 08063_ Y-54 Guardian destroyed. 08063_ L-41 Fighter destroyed. 08066_ The unstable cave ceiling collapses. 08067_ HV Slug penetrates G-47 Trooper. 08067_ G-47 Trooper suffers critical hit (Destroy). 08067_ Destroyed Lgt. Nuclear Core. 08071_ HV Slug penetrates G-47 Trooper. 08071_ G-47 Trooper suffers critical hit (Destroy). 08071_ Destroyed Aluminum Leg. 08071_ HV Slug penetrates Terminal. 08075_ Acquired 95 matter. 08079_ N#>CI CKTFPEPVNKC6C2I V2BR&RRZGYE8 08079_ EXIT=IDENTIFIED: LOWER CAVES 08080_ Acquired 11 matter. 08082_ Acquired 7 matter. Map ----- +----------------------------------------------------+ | ?? ## #####+##### #??##??#??? ??????????????????? | | ? # #### ###?# ##?##??? ?????????????????? | | ???+ #### ##### ####?#??? ????????????????????? | | # #?##?#????#?#?????????????????? | | ? ## #?#???##??? ?????????????????? | | ###?## ######## ????????????????????? | | ###### ## ? "?????????????????? | | ###########/##### ## ?? "?????????????????? | | ###### ####?#?# # ## ? ???#?????????????? | | ##?##? ?##?#### """"" # ## "??????#??????????? | | ###### ?? ## "" "" # ## ?"" ##??#?????????? | | ####?# ?#### ## # ## """ ??????????????? | | ###### ##### ########+## ## ? ?????#??#??????? | | "" ### ##### ######+#####??#?????????? | | "" # ###/####g g ####??##????????? | | "" # # + ###?????????????? | | + " ######### ####?##?#???#???? | | # # ######### [[ #####?#??#???????? | | # " # =######### [[ ########?????????? | | ###%"## ######### [ ######## ????????? | | ##### "## ! ! /##### ### # #?????? ??? | | ##### # # #### ## "" # """" # ????????? | | ! # # # ## "" # """" #?????????? | | !>* % %= F" + """" # ???????? | | [ # /= [[=* ["" # """" #?????????? | | ## ! /%! @ # #???? ????? | | "" " * *=%[ ########?? ? ???? | | "" ## ## # # ###########?#####?????????? | | "" !### # ###############?#?#?#???????? | | #################################????#???????? | | ########################################?#???????? | | | | | | | | | | | | | | | | | | | | | | | | | | | | | | | | | | | | | | | +----------------------------------------------------+ Best States ------------- Heat Dissipation 55 Energy Generation 33 Energy Capacity 310 Matter Stores 300 Matter Capacity 300 Sight Range 19 Robot Scan Range 22 Terrain Scan Range 16 Terrain Scan Density 610 Armor Coverage 225 Resistance: KI 5 Resistance: TH 5 Resistance: EX 5 Weapon Shielding 33 Evasion (%) 65 Targeting Accuracy 8 Melee Accuracy 5 Offensive Hacking 15 Defensive Hacking 10 Item Schematics ----------------- Grenade Launcher | -9/Materials | Scanalyzed Great Axe | -7/Factory | Hacked Enh. Autogun | -7/Factory | Hacked Adv. Terrain Scan Processor | -7/Factory | Hacked Robot Schematics ------------------ Y-45 Defender | -7/Factory | Hacked Fabricated ------------ Enh. Autogun | x1 | -7/Factory Alien Tech Used ----------------- None Achievements -------------- None Challenges ------------ None RPGLIKE | -11 -10 -10 -9 -9 -9 -8 -8 -8 -7 --------- Run | Yrd Mat Min Mat Min Exi Min Mat Gar Fac Levels Raised 17 | . 3 1 6 . 1 1 2 1 2 XP Earned 29526 | 3000 5214 1503 8776 626 882 1109 3378 1090 3948 XP Spent 28355 | 2950 4500 1500 8875 . 1500 1650 2880 1100 3400 Upgrades 68 | 8 19 4 18 . 2 3 11 1 2 Propulsion Slot 5 | 1 . . 3 . . . . . 1 Utility Slot 5 | 1 . 1 2 . . . . . 1 Weapon Slot 3 | 1 . . 1 . . . . 1 . Core Integrity 8 | . . . . . . . 8 . . Heat Dissipation 5 | . . . 5 . . . . . . Energy Generation 3 | . . . 1 . . 1 1 . . Mass Support 3 | 1 1 . . . . . 1 . . Inventory Capacity 3 | 1 2 . . . . . . . . Sight Range 3 | . 1 1 . . . . 1 . . Sensor Range 11 | . 8 1 2 . . . . . . Terrain Scan Density 6 | . 5 . 1 . . . . . . Ranged Accuracy 5 | 2 1 . . . 2 . . . . Hack Attack % 3 | 1 . . 1 . . 1 . . . Hack Defense % 2 | . 1 . . . . 1 . . . KI Resistance % 1 | . . 1 . . . . . . . TH Resistance % 1 | . . . 1 . . . . . . EX Resistance % 1 | . . . 1 . . . . . . Protomatter Created 3261 | . 60 101 963 68 445 81 796 230 517 Integrity Restored 5349 | . 150 279 1556 132 553 120 1089 698 772 Core 4384 | . 150 279 1259 102 461 120 1020 418 575 Parts 965 | . . . 297 30 92 . 69 280 197 Protomatter Decayed 808 | . . 102 218 . 251 . 109 34 94 Game ------ Seed LongswordCooledMinigun Manual? 0 Play Time 02:03:42 Cumulative 100.7 hours Start 2024.05.05 @ 21:49:01 End 2024.05.05 @ 23:59:59 Sessions 1 Manual Loads 0 Difficulty Rogue Special Mode Winter2019/RPGLIKE Game No. 80 Rogue 79 Adventurer 0 Explorer 1 Win Type - Total 2 Types 1/0/1/0/0/0/0/0/0 Lore% 56 Gallery% 54 Achievement% 61 Wizard Run 0 Options --------- Layout 0 ASCII 0 Keyboard 1 Movement Numpad Keybinds 0 Fullscreen 2 Font 18/Terminus Map View 76x50 Zoom Use 0% Tactical HUD 1 Map Filters NONE Filters NONE Steam 1 RUN: 51b7e576-1672-4878-95e6-8ec93adccf19